 Dungeon Crawl Stone Soup version 0.23-a0-169-gb21e695 (webtiles) character file.

37 grindst0ne the Shooter (level 3, -5/30 HPs)
             Began as a Centaur Hunter on Sept 11, 2018.
             Shot with an arrow by a centaur (16 damage)
             ... on level 3 of the Dungeon.
             The game lasted 00:03:06 (2497 turns).

grindst0ne the Shooter (Centaur Hunter)             Turns: 2497, Time: 00:03:06

Health: -5/30      AC:  5    Str: 14    XL:     3   Next: 21%
Magic:  3/3        EV:  9    Int: 10    God:
Gold:   128        SH:  0    Dex: 10    Spells: 2/2 levels left

rFire    . . .     SeeInvis .   b - +0 short sword
rCold    . . .     Gourm    .   (no shield)
rNeg     . . .     Faith    .   c - +0 leather armour
rPois    .         Spirit   .   (no helmet)
rElec    .         Reflect  .   (no cloak)
rCorr    .         Harm     .   k - +0 pair of gloves
MR       .....                  (no barding)
Stlth    +.........             (no amulet)
HPRegen  0.10/turn              (no ring)
MPRegen  0.08/turn              (no ring)

@: very quick
A: large, hooves 3, deformed body, speed 2, tough skin 3
a: no special abilities


You were on level 3 of the Dungeon.
You were not hungry.

You visited 1 branch of the dungeon, and saw 4 of its levels.

You collected 128 gold pieces.

Inventory:

Hand Weapons
 a - a +1 shortbow
 b - a +0 short sword (weapon)
Missiles
 d - 46 arrows
Armour
 c - a +0 leather armour (worn)
 k - a +0 pair of gloves (worn)
Scrolls
 e - 3 scrolls of teleportation
 h - 3 scrolls of identify
 i - 3 scrolls of remove curse
 m - a scroll of fear
Comestibles
 f - 7 rations


   Skills:
 + Level 2.9 Fighting
 + Level 6.1 Bows
 - Level 1.3 Dodging
 - Level 0.4 Stealth


You had 2 spell levels left.
You didn't know any spells.
Your spell library was empty.

Dungeon Overview and Level Annotations

Branches:
Dungeon (4/15)
 Temple: D:4-7

Altars:
Uskayaw
Yredelemnul


Innate Abilities, Weirdness & Mutations

You have hooves in place of feet.
Armour fits poorly on your strangely shaped body.
You cover ground very quickly.
You have extremely tough skin. (AC +3)


Message History

You feel better.
The centaur shoots an arrow.
The arrow hits you. The arrow freezes you.
The centaur shoots an arrow.
The arrow completely misses you.
The centaur shoots an arrow.
The arrow hits you.
* * * LOW HITPOINT WARNING * * *
The arrow freezes you.
* * * LOW HITPOINT WARNING * * *
You see here an arrow.
The centaur shoots an arrow.
The arrow closely misses you.
You see here an arrow.
The centaur shoots an arrow.
The arrow barely misses you.
You see here an arrow.
A bat comes into view.
You feel better.
The centaur shoots an arrow.
The arrow hits you but does no damage. The bat closely misses you.
You see here an arrow.
The centaur shoots an arrow.
The arrow hits you!
Ouch! That really hurt!
You die...

♣....♣..#♣###
#.# ##.....##
#.# #.##..##
#####.#
#.##...#
######.....#
#.###..#
#..........#
#.# #..#
###.#######..#
#.# #...
...#_>...8..#
#.# ##.##
#.#######..##
..# .#
#@..((.c...(#
### .#
##b.####..c.#
.# #.## ####.#
#.# #># #.#
#.# #.# #c#
#.# #.#
.....#####(#
#.##.c..(.>#


You could see a centaur and a bat.

Vanquished Creatures
  An adder (D:2)
  A worm (D:2)
  2 leopard geckos
  A giant cockroach (D:1)
  2 gnoll zombies (D:2)
  4 hobgoblins
  A jackal (D:1)
  2 kobolds
  3 bats
  A frilled lizard (D:2)
  5 rats
23 creatures vanquished.

Notes
Turn   | Place    | Note
-------+----------+-------------------------------------------
     0 | D:1      | grindst0ne the Centaur Hunter began the quest for the Orb.
     0 | D:1      | Reached XP level 1. HP: 17/17 MP: 1/1
   465 | D:1      | Reached XP level 2. HP: 22/25 MP: 2/2
  1296 | D:2      | Found a basalt altar of Yredelemnul.
  1526 | D:2      | Reached skill level 6 in Bows
  1526 | D:2      | Reached XP level 3. HP: 18/30 MP: 3/3
  2137 | D:3      | Found a faded altar of an unknown god.
  2180 | D:3      | Found a hide-covered altar of Uskayaw.
  2193 | D:3      | Noticed a centaur
  2497 | D:3      | Shot with an arrow by a centaur

Vault maps used:
D:1:      lightli_arrival_statue_moat, st_stairs_5
D:2:      lemuel_zombie_altar_yredelemnul
D:3:      first_ration, chequers_ecumenical_altar_grove,
          corexii_leaking_fountain, lemuel_statue_altar
D:4:      nicolae_ru_awakened_eye

Skill      XL: |  1  2 |
---------------+-------+-----
Bows           | 6 |  6.1
Fighting       | |  2.9
Dodging        | |  1.3
Stealth        | |  0.4

Action                   || total
-------------------------++-------
Melee: Short sword       ||    86
       Kick              ||     8
 Fire: Shortbow          ||     3
  Use: Scroll            ||     4
       Potion            ||     3
  Eat: Ration            ||     1
       Chunk             ||     1
Armor: Leather armour    ||    31
Dodge: Dodged            ||    40

Table legend:
 A = Non-vault XP
 B = Vault XP
 C = Vault XP percentage of total XP
 D = Non-vault monster count
 E = Vault monster count
 F = Vault count percentage of total count
                 A         B        C        D         E       F
            +---------+---------+-------+---------+---------+-------
      Total |      42 |      11 |  20.8 |      17 |       6 |  26.1
            +---------+---------+-------+---------+---------+-------
        D:1 |      12 |       7 |  36.8 |       7 |       4 |  36.4
        D:2 |      26 |       4 |  13.3 |       7 |       2 |  22.2
        D:3 |       4 |       0 |   0.0 |       3 |       0 |   0.0
            +---------+---------+-------+---------+---------+-------
